TOP OF THE 1ST |
Hagerstown Suns batting - Pitching for Dayton Dragons : RHP Roberto Cortez
|
Pitching: RHP Roberto Cortez
|
|
Batting: RHB Pat Drader
|
0-0: Ball 1-0: Ball 2-0: Ball 3-0: Called Strike 3-1: Foul Ball, location: 2F 3-2: Foul Ball, location: 2F 3-2: Foul Ball, location: 2F 3-2: Foul Ball, location: 2F 3-2: Base on Balls
|
Batting: LHB Ben Montgomery
|
0-0: Ball 1-0: Ball Pat Drader steals 2nd, throwing error, E2 Pat Drader to third 2-0: Called Strike 2-1: Foul Ball, location: 2F 2-2: Foul Ball, location: 2F 2-2: Strikes out swinging
|
Batting: RHB Kevin Wick
|
0-0: Called Strike 0-1: Ball 1-1: Ball 2-1: Foul Ball, location: 2F 2-2: Strikes out swinging
|
Batting: LHB Yoshiya Kurokawa
|
0-0: Ball 1-0: Called Strike 1-1: Called Strike 1-2: Foul Ball, location: 2F 1-2: Foul Ball, location: 2F 1-2: Ball 2-2: Ground out 5-3 (Groundball, 56S, EV 85.0 MPH)
|
Top of the 1st over - 0 runs, 0 hits, 1 error, 1 left on base; Hagerstown 0 - Dayton 0 |
BOTTOM OF THE 1ST |
Dayton Dragons batting - Pitching for Hagerstown Suns : RHP Alpha Miller
|
Pitching: RHP Alpha Miller
|
|
Batting: LHB Nick Nino
|
0-0: Ball 1-0: Ball 2-0: Ball 3-0: Called Strike 3-1: Base on Balls
|
Batting: LHB Chris Grunwald
|
0-0: Ball 1-0: Ball 2-0: Fly out, F7 (Flyball, 78D, EV 90.6 MPH)
|
Batting: SHB Kristian Kristensen
|
0-0: Ball 1-0: Ball Nick Nino steals 2nd base 2-0: Ground out 1-3 (Groundball, 13S, EV 68.1 MPH) Nick Nino to third
|
Batting: LHB Matthew Berry
|
0-0: Foul Ball, location: 2F 0-1: Called Strike 0-2: Ball 1-2: Ball 2-2: Foul Ball, location: 2F 2-2: Strikes out swinging
|
Bottom of the 1st over - 0 runs, 0 hits, 0 errors, 1 left on base; Hagerstown 0 - Dayton 0 |
TOP OF THE 2ND |
Hagerstown Suns batting - Pitching for Dayton Dragons : RHP Roberto Cortez
|
Batting: RHB Joe Young
|
0-0: Ground out 4-3 (Groundball, 4, EV 85.0 MPH)
|
Batting: RHB Jeff Page
|
0-0: Called Strike 0-1: Ball 1-1: Ball 2-1: Ball 3-1: TRIPLE (Flyball, 89XD, EV 100.6 MPH)
|
Batting: RHB Jon Metzler
|
0-0: Ball 1-0: Called Strike 1-1: Ball 2-1: Foul Ball, location: 2F 2-2: Ball 3-2: Strikes out swinging
|
Batting: RHB Josh Courtney
|
0-0: Ball 1-0: Swinging Strike 1-1: Swinging Strike 1-2: Strikes out swinging
|
Top of the 2nd over - 0 runs, 1 hit, 0 errors, 1 left on base; Hagerstown 0 - Dayton 0 |
BOTTOM OF THE 2ND |
Dayton Dragons batting - Pitching for Hagerstown Suns : RHP Alpha Miller
|
Batting: RHB Bruno André
|
0-0: Called Strike 0-1: Ball 1-1: Ball 2-1: Fly out, F7 (Flyball, 7LS, EV 77.5 MPH)
|
Batting: RHB John Galluzzo
|
0-0: Ball 1-0: Ball 2-0: Ball 3-0: Base on Balls
|
Batting: RHB Jonathan Davis
|
0-0: Ball 1-0: Ball 2-0: Foul Ball, location: 2F 2-1: Ball 3-1: Called Strike 3-2: Foul Ball, location: 2F 3-2: Foul Ball, location: 2F 3-2: Foul Ball, location: 2F 3-2: Strikes out swinging John Galluzzo steals 2nd base Batter strikes out.
|
Batting: RHB Pat Grover
|
0-0: Called Strike 0-1: Swinging Strike 0-2: Strikes out swinging
|
Bottom of the 2nd over - 0 runs, 0 hits, 0 errors, 1 left on base; Hagerstown 0 - Dayton 0 |
TOP OF THE 3RD |
Hagerstown Suns batting - Pitching for Dayton Dragons : RHP Roberto Cortez
|
Batting: RHB Tony Madrigal
|
0-0: Fly out, F9 (Line Drive, 9, EV 91.9 MPH)
|
Batting: RHB Pat Drader
|
0-0: SINGLE (Groundball, 3S, EV 65.6 MPH) (infield hit)
|
Batting: LHB Ben Montgomery
|
0-0: Called Strike 0-1: Ball Pat Drader steals 2nd base 1-1: Ball 2-1: Swinging Strike 2-2: Ball 3-2: Foul Ball, location: 2F 3-2: Base on Balls
|
Batting: RHB Kevin Wick
|
0-0: Ball 1-0: Ball 2-0: Foul Ball, location: 2F 2-1: Ball 3-1: Swinging Strike 3-2: Strikes out swinging
|
Batting: LHB Yoshiya Kurokawa
|
0-0: Ball 1-0: Foul Ball, location: 2F 1-1: DOUBLE (Line Drive, 78D, EV 108.8 MPH) Pat Drader scores Ben Montgomery to third Runner from 3rd tries for Home, SAFE, throw by CF to home
|
Batting: RHB Joe Young
|
0-0: Ball 1-0: Ball 2-0: Called Strike 2-1: Reached on error, E4 (Groundball, 4, EV 90.6 MPH) Yoshiya Kurokawa to third
|
Batting: RHB Jeff Page
|
0-0: Ball 1-0: Foul Ball, location: 2F 1-1: Called Strike 1-2: Foul Ball, location: 2F 1-2: SINGLE (Groundball, 34, EV 106.3 MPH) Yoshiya Kurokawa scores Joe Young to second Runner from 2nd tries for 3rd, SAFE, no throw by RF
|
Batting: RHB Jon Metzler
|
0-0: Ball 1-0: Ball 2-0: Foul Ball, location: 2F 2-1: Swinging Strike 2-2: Ball 3-2: 3-RUN HOME RUN (Flyball, 7D, EV 100.0 MPH), Distance : 377 ft
|
Batting: RHB Josh Courtney
|
0-0: Ball 1-0: Ball 2-0: Called Strike 2-1: Foul Ball, location: 2F 2-2: Foul Ball, location: 2F 2-2: Strikes out looking
|
Top of the 3rd over - 6 runs, 4 hits, 1 error, 0 left on base; Hagerstown 6 - Dayton 0 |
BOTTOM OF THE 3RD |
Dayton Dragons batting - Pitching for Hagerstown Suns : RHP Alpha Miller
|
Batting: RHB Tim Walter
|
0-0: Ball 1-0: Ball 2-0: Called Strike 2-1: Ball 3-1: Called Strike 3-2: Strikes out swinging, 2-3 out at first.
|
Batting: LHB Nick Nino
|
0-0: Ball 1-0: Called Strike 1-1: Ball 2-1: Fly out, F9 (Flyball, 89XD, EV 104.4 MPH)
|
Batting: LHB Chris Grunwald
|
0-0: Foul Ball, location: 2F 0-1: Ball 1-1: Ball 2-1: Foul Ball, location: 2F 2-2: SINGLE (Flyball, 34D, EV 88.1 MPH)
|
Batting: SHB Kristian Kristensen
|
0-0: Called Strike Chris Grunwald steals 2nd base 0-1: 2-RUN HOME RUN (Flyball, 9D, EV 97.5 MPH), Distance : 356 ft
|
Batting: LHB Matthew Berry
|
0-0: Called Strike 0-1: Ball 1-1: Foul Ball, location: 2F 1-2: Ball 2-2: Ball 3-2: Foul Ball, location: 2F 3-2: Ground out 6-3 (Groundball, 6, EV 101.9 MPH)
|
Bottom of the 3rd over - 2 runs, 2 hits, 0 errors, 0 left on base; Hagerstown 6 - Dayton 2 |
TOP OF THE 4TH |
Hagerstown Suns batting - Pitching for Dayton Dragons : RHP Roberto Cortez
|
Batting: RHB Tony Madrigal
|
0-0: DOUBLE (Line Drive, 8RXD, EV 107.5 MPH)
|
Batting: RHB Pat Drader
|
0-0: Foul Ball, location: 2F 0-1: Foul Ball, location: 2F 0-2: Hit by Pitch
|
Batting: LHB Ben Montgomery
|
0-0: Called Strike 0-1: Ball 1-1: Ball 2-1: Fielders Choice at 2nd, 6-4 (Groundball, 6S, EV 83.1 MPH) Tony Madrigal to third
|
Batting: RHB Kevin Wick
|
0-0: Ball Ben Montgomery steals 2nd base 1-0: Called Strike 1-1: Swinging Strike 1-2: Ball 2-2: SINGLE (Line Drive, 9S, EV 99.4 MPH) Tony Madrigal scores Ben Montgomery to third
|
Pitching: RHP Adam McCurdy
|
|
Batting: LHB Yoshiya Kurokawa
|
0-0: Ball 1-0: Swinging Strike 1-1: DOUBLE (Line Drive, 7LM, EV 111.9 MPH) Ben Montgomery scores Kevin Wick to third
|
Batting: RHB Joe Young
|
0-0: Ball 1-0: Called Strike 1-1: Foul Ball, location: 2F 1-2: Ball 2-2: Strikes out looking
|
Batting: RHB Jeff Page
|
0-0: Ball 1-0: Ball 2-0: Swinging Strike 2-1: Ball 3-1: Called Strike 3-2: Foul Ball, location: 2F 3-2: Base on Balls
|
Batting: RHB Jon Metzler
|
0-0: Foul Ball, location: 2F 0-1: Ball 1-1: SINGLE (Line Drive, 7S, EV 110.0 MPH) Kevin Wick scores Yoshiya Kurokawa to third Jeff Page to second
|
Pitching: RHP Doug Elliott
|
|
Batting: RHB Josh Courtney
|
0-0: Ball 1-0: Ball 2-0: Ball 3-0: Called Strike 3-1: Base on Balls Yoshiya Kurokawa scores Jeff Page to third Jon Metzler to second
|
Batting: RHB Tony Madrigal
|
0-0: Ball 1-0: Called Strike 1-1: Ball 2-1: SINGLE (Flyball, 7, EV 80.6 MPH) Jeff Page scores Jon Metzler to third Josh Courtney to second Runner from 3rd tries for Home, throw by LF and OUT! 7-2
|
Top of the 4th over - 5 runs, 5 hits, 0 errors, 2 left on base; Hagerstown 11 - Dayton 2 |
BOTTOM OF THE 4TH |
Dayton Dragons batting - Pitching for Hagerstown Suns : RHP Alpha Miller
|
Batting: RHB Bruno André
|
0-0: Called Strike 0-1: Ball 1-1: Ball 2-1: Fly out, F7 (Flyball, 7LM, EV 91.9 MPH)
|
Batting: RHB John Galluzzo
|
0-0: Called Strike 0-1: Ball 1-1: DOUBLE (Line Drive, 9LM, EV 89.4 MPH)
|
Batting: RHB Jonathan Davis
|
0-0: Ground out 4-3 (Groundball, 4, EV 84.4 MPH) John Galluzzo to third
|
Batting: RHB Pat Grover
|
0-0: SINGLE (Groundball, 4, EV 94.4 MPH) John Galluzzo scores
|
Batting: RHB Tim Walter
|
0-0: Ball 1-0: Ball 2-0: Ball 3-0: Called Strike 3-1: Ground out 5-3 (Groundball, 56S, EV 75.6 MPH)
|
Bottom of the 4th over - 1 run, 2 hits, 0 errors, 1 left on base; Hagerstown 11 - Dayton 3 |
TOP OF THE 5TH |
Hagerstown Suns batting - Pitching for Dayton Dragons : RHP Doug Elliott
|
Batting: RHB Pat Drader
|
0-0: Swinging Strike 0-1: Ball 1-1: Ball 2-1: Ball 3-1: Swinging Strike 3-2: Base on Balls
|
Batting: LHB Ben Montgomery
|
0-0: Called Strike 0-1: Called Strike 0-2: Ball 1-2: Foul Ball, location: 2F 1-2: Hit by Pitch Pat Drader to second
|
Pitching: RHP Joe Green
|
|
Batting: RHB Kevin Wick
|
0-0: Ball 1-0: Fielders Choice at 2nd, 6-4 (Groundball, 6, EV 89.4 MPH) Pat Drader to third
|
Batting: LHB Yoshiya Kurokawa
|
0-0: Ball 1-0: Called Strike 1-1: SINGLE (Groundball, 4M, EV 97.5 MPH) Pat Drader scores Kevin Wick to second
|
Batting: RHB Joe Young
|
0-0: Ball 1-0: Grounds into double play, 4-6-3 (Groundball, 34, EV 110.6 MPH)
|
Top of the 5th over - 1 run, 1 hit, 0 errors, 1 left on base; Hagerstown 12 - Dayton 3 |
BOTTOM OF THE 5TH |
Dayton Dragons batting - Pitching for Hagerstown Suns : RHP Alpha Miller
|
Batting: LHB Nick Nino
|
0-0: Ball 1-0: DOUBLE (Line Drive, 78M, EV 101.9 MPH)
|
Batting: LHB Chris Grunwald
|
0-0: Ball 1-0: Ground out U3 (Groundball, 3, EV 81.3 MPH) Nick Nino to third
|
Batting: SHB Kristian Kristensen
|
0-0: Ball 1-0: Ball 2-0: Called Strike 2-1: Foul Ball, location: 2F 2-2: Ball 3-2: Ground out U3 (Groundball, 3S, EV 81.3 MPH)
|
Pitching: RHP Jon Baily
|
|
Batting: LHB Matthew Berry
|
0-0: Ball 1-0: Ball 2-0: Ball 3-0: Called Strike 3-1: Base on Balls
|
Batting: RHB Bruno André
|
0-0: Ground out 4-3 (Groundball, 4, EV 106.9 MPH)
|
Bottom of the 5th over - 0 runs, 1 hit, 0 errors, 2 left on base; Hagerstown 12 - Dayton 3 |
TOP OF THE 6TH |
Hagerstown Suns batting - Pitching for Dayton Dragons : RHP Joe Green
|
Batting: RHB Jeff Page
|
0-0: Ball 1-0: Called Strike 1-1: Ball 2-1: Swinging Strike 2-2: Foul Ball, location: 2F 2-2: Foul Ball, location: 2F 2-2: Ball 3-2: SINGLE (Groundball, 34D, EV 104.4 MPH)
|
Batting: RHB Jon Metzler
|
0-0: Called Strike 0-1: Called Strike 0-2: Fielders Choice at 2nd, 6-4 (Groundball, 6, EV 90.6 MPH)
|
Pitching: LHP Tim Ketcham
|
|
Batting: RHB Josh Courtney
|
Pickoff Throw to First - Error! E1 Jon Metzler to second 0-0: Called Strike 0-1: Called Strike 0-2: Ball 1-2: Ball 2-2: Ball 3-2: Base on Balls
|
Batting: RHB Tony Madrigal
|
0-0: Ball 1-0: Ball 2-0: Ball 3-0: Base on Balls Jon Metzler to third Josh Courtney to second
|
Batting: RHB Pat Drader
|
0-0: Called Strike 0-1: DOUBLE (Flyball, 89D, EV 101.3 MPH) Jon Metzler scores Josh Courtney scores Tony Madrigal to third
|
Batting: LHB Ben Montgomery
|
0-0: SINGLE (Groundball, 6MS, EV 65.0 MPH) (infield hit) Tony Madrigal scores Pat Drader to third
|
Batting: RHB Kevin Wick
|
0-0: Foul Ball, location: 2F 0-1: Swinging Strike 0-2: Ball 1-2: 3-RUN HOME RUN (Flyball, 7LD, EV 94.4 MPH), Distance : 342 ft
|
Pitching: LHP Andrew Hamm
|
|
Batting: LHB Yoshiya Kurokawa
|
0-0: Called Strike 0-1: Swinging Strike 0-2: Strikes out swinging
|
Batting: RHB Joe Young
|
0-0: Ball 1-0: Foul Ball, location: 2F 1-1: Ball 2-1: Ball 3-1: Foul Ball, location: 2F 3-2: Base on Balls
|
Batting: RHB Jeff Page
|
0-0: Ball 1-0: Called Strike 1-1: Fly out, F4 (Popup, 13S, EV 92.5 MPH)
|
Top of the 6th over - 6 runs, 4 hits, 1 error, 1 left on base; Hagerstown 18 - Dayton 3 |
BOTTOM OF THE 6TH |
Dayton Dragons batting - Pitching for Hagerstown Suns : RHP Jon Baily
|
Batting: RHB John Galluzzo
|
0-0: Called Strike 0-1: Fly out, F7 (Flyball, 7LS, EV 85.0 MPH)
|
Pinch Hitting: LHB Leo Gomez
|
0-0: Ball 1-0: Ground out U3 (Groundball, 34, EV 106.3 MPH)
|
Batting: RHB Pat Grover
|
0-0: Foul Ball, location: 2F 0-1: Foul Ball, location: 2F 0-2: Ground out 4-3 (Groundball, 4, EV 98.8 MPH)
|
Bottom of the 6th over - 0 runs, 0 hits, 0 errors, 0 left on base; Hagerstown 18 - Dayton 3 |
TOP OF THE 7TH |
Hagerstown Suns batting - Pitching for Dayton Dragons : LHP Andrew Hamm
|
Now at 3B: Nick Nino
|
|
Now in CF: Leo Gomez
|
|
Batting: RHB Jon Metzler
|
0-0: Foul Ball, location: 2F 0-1: Ball 1-1: Ball 2-1: Foul Ball, location: 2F 2-2: Ball 3-2: Base on Balls
|
Batting: RHB Josh Courtney
|
0-0: Foul Ball, location: 2F 0-1: Ball 1-1: Foul Ball, location: 2F 1-2: Ball 2-2: Foul Ball, location: 2F 2-2: Foul Ball, location: 2F 2-2: Ball Wild Pitch! Jon Metzler to second 3-2: Base on Balls
|
Batting: RHB Tony Madrigal
|
0-0: Ball 1-0: Fielders Choice at 2nd, U6 (Groundball, 4M, EV 110.0 MPH) Jon Metzler to third
|
Batting: RHB Pat Drader
|
0-0: Ball 1-0: Called Strike 1-1: Ball 2-1: Ball 3-1: Swinging Strike 3-2: Foul Ball, location: 2F 3-2: Strikes out looking
|
Pinch Hitting: RHB Scott Skoglund
|
0-0: Ball 1-0: Ball 2-0: Ball 3-0: Base on Balls Tony Madrigal to second
|
Pitching: RHP Ben Hinman
|
|
Batting: RHB Kevin Wick
|
0-0: Ball 1-0: Ball 2-0: Ball 3-0: Base on Balls Jon Metzler scores Tony Madrigal to third Scott Skoglund to second
|
Batting: LHB Yoshiya Kurokawa
|
0-0: Ball 1-0: Ball 2-0: Called Strike 2-1: Ball 3-1: Foul Ball, location: 2F 3-2: Base on Balls Tony Madrigal scores Scott Skoglund to third Kevin Wick to second
|
Batting: RHB Joe Young
|
0-0: Ball Balk! Scott Skoglund scores Kevin Wick to third Yoshiya Kurokawa to second 1-0: Ball 2-0: Foul Ball, location: 2F 2-1: Swinging Strike 2-2: Foul Ball, location: 2F 2-2: Foul Ball, location: 2F 2-2: Ball 3-2: Hit by Pitch
|
Batting: RHB Jeff Page
|
0-0: Hit by Pitch Kevin Wick scores Yoshiya Kurokawa to third Joe Young to second
|
Batting: RHB Jon Metzler
|
0-0: Ball 1-0: Fielders Choice at 2nd, 6-4 (Groundball, 6, EV 84.4 MPH)
|
Top of the 7th over - 4 runs, 0 hits, 0 errors, 3 left on base; Hagerstown 22 - Dayton 3 |
BOTTOM OF THE 7TH |
Dayton Dragons batting - Pitching for Hagerstown Suns : RHP Jon Baily
|
Now in LF: Scott Skoglund
|
|
Batting: RHB Tim Walter
|
0-0: Ball 1-0: Ball 2-0: Ball 3-0: Called Strike 3-1: SINGLE (Groundball, 6D, EV 95.0 MPH)
|
Pinch Hitting: RHB Frank Moron
|
0-0: Called Strike 0-1: Ball 1-1: Swinging Strike 1-2: Strikes out swinging
|
Pinch Hitting: LHB Matt Kennedy
|
0-0: Ball 1-0: Ball 2-0: Ball 3-0: Base on Balls Tim Walter to second
|
Batting: SHB Kristian Kristensen
|
0-0: Ball 1-0: Called Strike 1-1: Ball 2-1: Fly out, F7 (Flyball, 7LS, EV 89.4 MPH)
|
Batting: LHB Matthew Berry
|
0-0: Ground out U3 (Groundball, 34S, EV 79.4 MPH)
|
Bottom of the 7th over - 0 runs, 1 hit, 0 errors, 2 left on base; Hagerstown 22 - Dayton 3 |
TOP OF THE 8TH |
Hagerstown Suns batting - Pitching for Dayton Dragons : RHP Ben Hinman
|
Now at 3B: Frank Moron
|
|
Now in LF: Matt Kennedy
|
|
Now in RF: Bruno André
|
|
Batting: RHB Josh Courtney
|
0-0: Foul Ball, location: 2F 0-1: Foul Ball, location: 2F 0-2: Ball 1-2: Ball 2-2: Foul Ball, location: 2F 2-2: Ground out 5-3 (Groundball, 56, EV 101.3 MPH)
|
Batting: RHB Tony Madrigal
|
0-0: Called Strike 0-1: Ball 1-1: Fly out, F8 (Line Drive, 8RM, EV 93.1 MPH)
|
Batting: RHB Pat Drader
|
0-0: Called Strike 0-1: Called Strike 0-2: Ball 1-2: Foul Ball, location: 2F 1-2: Ball 2-2: Ball 3-2: Base on Balls
|
Pitching: RHP Sean Jenkinson
|
|
Batting: RHB Scott Skoglund
|
Balk! Pat Drader to second 0-0: Called Strike 0-1: Ball 1-1: Ground out 6-3 (Groundball, 6MD, EV 85.6 MPH)
|
Top of the 8th over - 0 runs, 0 hits, 0 errors, 1 left on base; Hagerstown 22 - Dayton 3 |
BOTTOM OF THE 8TH |
Dayton Dragons batting - Pitching for Hagerstown Suns : RHP Jon Baily
|
Batting: RHB Bruno André
|
0-0: Ball 1-0: Ball 2-0: Fly out, F8 (Flyball, 89D, EV 91.3 MPH)
|
Batting: RHB John Galluzzo
|
0-0: Called Strike 0-1: Called Strike 0-2: Ball 1-2: Ball 2-2: Ground out U3 (Groundball, 3S, EV 86.3 MPH)
|
Batting: LHB Leo Gomez
|
0-0: Called Strike 0-1: Ball 1-1: Foul Ball, location: 2F 1-2: Ball 2-2: Ball 3-2: Foul Ball, location: 2F 3-2: Strikes out looking
|
Bottom of the 8th over - 0 runs, 0 hits, 0 errors, 0 left on base; Hagerstown 22 - Dayton 3 |
TOP OF THE 9TH |
Hagerstown Suns batting - Pitching for Dayton Dragons : RHP Sean Jenkinson
|
Batting: RHB Kevin Wick
|
0-0: Ball 1-0: Ball 2-0: Ball 3-0: Called Strike 3-1: Base on Balls
|
Batting: LHB Yoshiya Kurokawa
|
0-0: Called Strike 0-1: Grounds into double play, 6-4-3 (Groundball, 6, EV 85.6 MPH)
|
Batting: RHB Joe Young
|
0-0: Ball 1-0: Ball 2-0: Ball 3-0: Called Strike 3-1: Foul Ball, location: 2F 3-2: DOUBLE (Line Drive, 89D, EV 103.1 MPH)
|
Batting: RHB Jeff Page
|
0-0: Ball 1-0: Ball 2-0: Called Strike 2-1: Foul Ball, location: 2F 2-2: Ball 3-2: Strikes out swinging
|
Top of the 9th over - 0 runs, 1 hit, 0 errors, 1 left on base; Hagerstown 22 - Dayton 3 |
BOTTOM OF THE 9TH |
Dayton Dragons batting - Pitching for Hagerstown Suns : RHP Jon Baily
|
Pitching: RHP Roy Walker
|
|
Batting: RHB Pat Grover
|
0-0: Swinging Strike 0-1: Swinging Strike 0-2: Strikes out swinging
|
Batting: RHB Tim Walter
|
0-0: Swinging Strike 0-1: Ball 1-1: Ball 2-1: Called Strike 2-2: Foul Ball, location: 2F 2-2: Strikes out swinging
|
Batting: RHB Frank Moron
|
0-0: Ball 1-0: Swinging Strike 1-1: Swinging Strike 1-2: Strikes out swinging
|
Bottom of the 9th over - 0 runs, 0 hits, 0 errors, 0 left on base; Hagerstown 22 - Dayton 3 |
|